EL
COLUMBIA FIREFLIES @ SPRINGFIELD CARDINALS
07/23/2044
 
TOP OF THE 1ST
Columbia Fireflies batting - Pitching for Springfield Cardinals : RHP Josh Ambrose
Pitching: RHP Josh Ambrose
Batting: RHB Billy Walker 0-0: Called Strike
0-1: SINGLE (Groundball, 6MD, EV 110.0 MPH) (infield hit)
Batting: LHB Marc Durgin 0-0: Ball
1-0: Fielders Choice at 2nd, 4-6 (Groundball, 4, EV 96.2 MPH)
Batting: RHB Jeff MacPhee 0-0: Ball
1-0: Ball
2-0: Ball
3-0: Called Strike
3-1: Base on Balls
Marc Durgin to second
Batting: LHB Roy Blonski 0-0: Fly out, F7 (Flyball, 7D, EV 85.6 MPH)
Batting: RHB Bobby Mabrey 0-0: Fielders Choice at 2nd, 6-4 (Groundball, 56, EV 95.6 MPH)
Top of the 1st over - 0 runs, 1 hit, 0 errors, 2 left on base; Columbia 0 - Springfield 0
BOTTOM OF THE 1ST
Springfield Cardinals batting - Pitching for Columbia Fireflies : RHP Paul Schaecher
Pitching: RHP Paul Schaecher
Batting: RHB John Parra 0-0: Ball
1-0: Ball
2-0: Foul Ball, location: 2F
2-1: Ball
3-1: Base on Balls
Batting: RHB Dave Cluster 0-0: Ball
John Parra steals 2nd base
1-0: Ball
2-0: Ball
3-0: SINGLE (Flyball, 5D, EV 91.9 MPH)
John Parra to third
Batting: RHB Jason Keller 0-0: Swinging Strike
0-1: Swinging Strike
0-2: Ball
1-2: Ball
2-2: Foul Ball, location: 2F
2-2: Strikes out swinging
Batting: RHB David Fernandez 0-0: Ball
1-0: Swinging Strike
1-1: Ball
2-1: Foul Ball, location: 2F
2-2: Foul Ball, location: 2F
2-2: Fly out, F4 (Popup, 4M, EV 76.9 MPH)
Batting: RHB Jorge Benites 0-0: Ball
1-0: Called Strike
1-1: Ball
2-1: Foul Ball, location: 2F
2-2: SINGLE (Flyball, 5D, EV 103.1 MPH)
John Parra scores
Dave Cluster to second
Batting: RHB Klaas Meij 0-0: Foul Ball, location: 2F
0-1: Foul Ball, location: 2F
0-2: Ball
1-2: Ground out U3 (Groundball, 3, EV 89.4 MPH)
Bottom of the 1st over - 1 run, 2 hits, 0 errors, 2 left on base; Columbia 0 - Springfield 1
TOP OF THE 2ND
Columbia Fireflies batting - Pitching for Springfield Cardinals : RHP Josh Ambrose
Batting: LHB Pete DeHart 0-0: Ball
1-0: Ball
2-0: Ball
3-0: Called Strike
3-1: Fly out, F1 (Line Drive, P, EV 61.2 MPH)
Batting: RHB Yoshiro Higuchi 0-0: Ball
1-0: Ground out 5-3 (Groundball, 56S, EV 85.0 MPH)
Batting: RHB Jonathan Jelich 0-0: Ground out 5-3 (Groundball, 56S, EV 65.6 MPH)
Top of the 2nd over - 0 runs, 0 hits, 0 errors, 0 left on base; Columbia 0 - Springfield 1
BOTTOM OF THE 2ND
Springfield Cardinals batting - Pitching for Columbia Fireflies : RHP Paul Schaecher
Batting: LHB Chris Raymond 0-0: Ball
1-0: Ball
2-0: Ball
3-0: Called Strike
3-1: Foul Ball, location: 2F
3-2: Foul Ball, location: 2F
3-2: Ground out 4-3 (Groundball, 4D, EV 93.1 MPH)
Batting: LHB Yeong-hun Joe 0-0: Ball
1-0: Ball
2-0: Ground out 6-3 (Groundball, 6M, EV 91.9 MPH)
Batting: RHB Daniel Samano 0-0: Ball
1-0: SINGLE (Groundball, 6D, EV 101.2 MPH)
Batting: RHB John Parra 0-0: Called Strike
0-1: Ball
1-1: Ball
Daniel Samano is caught stealing 2nd base 2-4
Bottom of the 2nd over - 0 runs, 1 hit, 0 errors, 0 left on base; Columbia 0 - Springfield 1
TOP OF THE 3RD
Columbia Fireflies batting - Pitching for Springfield Cardinals : RHP Josh Ambrose
Batting: RHB Omar Gonzalez 0-0: Ball
1-0: Fly out, F7 (Flyball, 7LM, EV 85.6 MPH)
Batting: RHB Billy Walker 0-0: Ball
1-0: Called Strike
1-1: Swinging Strike
1-2: Strikes out swinging
Batting: LHB Marc Durgin 0-0: Called Strike
0-1: Ball
1-1: Ball
2-1: Ball
3-1: Swinging Strike
3-2: Foul Ball, location: 2F
3-2: Foul Ball, location: 2F
3-2: Foul Ball, location: 2F
3-2: SINGLE (Groundball, 6D, EV 100.0 MPH)
Batting: RHB Jeff MacPhee 0-0: Ball
1-0: Called Strike
1-1: Called Strike
1-2: Ball
2-2: Fly out, F3 (Line Drive, 3, EV 64.4 MPH)
Top of the 3rd over - 0 runs, 1 hit, 0 errors, 1 left on base; Columbia 0 - Springfield 1
BOTTOM OF THE 3RD
Springfield Cardinals batting - Pitching for Columbia Fireflies : RHP Paul Schaecher
Batting: RHB John Parra 0-0: Ball
1-0: Foul Ball, location: 2F
1-1: DOUBLE (Flyball, 8LXD, EV 113.1 MPH)
Batting: RHB Dave Cluster 0-0: Called Strike
0-1: Ball
1-1: Ground out 5-3 (Groundball, 56, EV 84.4 MPH)
Pitching: LHP Brad Harris
Batting: RHB Jason Keller 0-0: Ball
1-0: Ball
John Parra steals 3rd base
2-0: Foul Ball, location: 2F
2-1: SINGLE (Groundball, 5D, EV 100.6 MPH)
John Parra scores
Batting: RHB David Fernandez 0-0: Called Strike
0-1: Ball
1-1: Ball
2-1: Foul Ball, location: 2F
2-2: Ball
3-2: Base on Balls
Jason Keller to second
Batting: RHB Jorge Benites 0-0: Ball
1-0: Ball
2-0: Called Strike
2-1: Called Strike
2-2: Foul Ball, location: 2F
2-2: Ball
3-2: Fielders Choice at 2nd, 5-4 (Groundball, 56, EV 82.5 MPH)
Jason Keller to third
Batting: RHB Klaas Meij 0-0: Called Strike
0-1: Reached on error, E5 (Groundball, 5L, EV 88.8 MPH)
Jason Keller scores
Jorge Benites to second
Batting: LHB Chris Raymond 0-0: Called Strike
0-1: Ball
1-1: Ball
2-1: Ball
3-1: Base on Balls
Jorge Benites to third
Klaas Meij to second
Batting: LHB Yeong-hun Joe 0-0: Called Strike
0-1: Ball
1-1: Foul Ball, location: 2F
1-2: Foul Ball, location: 2F
1-2: Foul Ball, location: 2F
1-2: Ball
2-2: Ball
3-2: Foul Ball, location: 2F
3-2: Ground out U3 (Groundball, 3, EV 84.4 MPH)
Bottom of the 3rd over - 2 runs, 2 hits, 1 error, 3 left on base; Columbia 0 - Springfield 3
TOP OF THE 4TH
Columbia Fireflies batting - Pitching for Springfield Cardinals : RHP Josh Ambrose
Batting: LHB Roy Blonski 0-0: Foul Ball, location: 2F
0-1: Ball
1-1: Swinging Strike
1-2: Ball
2-2: Foul Ball, location: 2F
2-2: Foul Ball, location: 2F
2-2: Foul Ball, location: 2F
2-2: Ground out 6-3 (Groundball, P, EV 85.6 MPH)
Batting: RHB Bobby Mabrey 0-0: Ball
1-0: Called Strike
1-1: Ground out 4-3 (Groundball, 4S, EV 73.8 MPH)
Batting: LHB Pete DeHart 0-0: Foul Ball, location: 2F
0-1: Swinging Strike
0-2: Ball
1-2: Strikes out swinging
Top of the 4th over - 0 runs, 0 hits, 0 errors, 0 left on base; Columbia 0 - Springfield 3
BOTTOM OF THE 4TH
Springfield Cardinals batting - Pitching for Columbia Fireflies : LHP Brad Harris
Batting: RHB Daniel Samano 0-0: Foul Ball, location: 2F
0-1: Foul Ball, location: 2F
0-2: Ball
1-2: Ball
2-2: Strikes out swinging
Batting: RHB John Parra 0-0: Ball
1-0: Called Strike
1-1: Fly out, F5 (Line Drive, 5, EV 61.9 MPH)
Pitching: RHP Bruce Charles
Batting: RHB Dave Cluster 0-0: SOLO HOME RUN (Flyball, 7LD, EV 93.8 MPH), Distance : 328 ft
Batting: RHB Jason Keller 0-0: Called Strike
0-1: Ground out 5-3 (Groundball, 56, EV 110.6 MPH)
Bottom of the 4th over - 1 run, 1 hit, 0 errors, 0 left on base; Columbia 0 - Springfield 4
TOP OF THE 5TH
Columbia Fireflies batting - Pitching for Springfield Cardinals : RHP Josh Ambrose
Batting: RHB Yoshiro Higuchi 0-0: Ground out 1-3 (Groundball, 15S, EV 65.0 MPH)
Batting: RHB Jonathan Jelich 0-0: Ball
1-0: Swinging Strike
1-1: Ball
2-1: SINGLE (Line Drive, 78M, EV 100.6 MPH)
Batting: RHB Omar Gonzalez 0-0: Grounds into double play, 4-6-3 (Groundball, 4, EV 95.0 MPH)
Top of the 5th over - 0 runs, 1 hit, 0 errors, 0 left on base; Columbia 0 - Springfield 4
BOTTOM OF THE 5TH
Springfield Cardinals batting - Pitching for Columbia Fireflies : RHP Bruce Charles
Batting: RHB David Fernandez 0-0: Ball
1-0: Called Strike
1-1: Ball
2-1: Foul Ball, location: 2F
2-2: Ball
3-2: DOUBLE (Line Drive, 89D, EV 115.0 MPH)
Batting: RHB Jorge Benites 0-0: Ball
1-0: Called Strike
1-1: Called Strike
1-2: Ball
2-2: Foul Ball, location: 2F
2-2: SINGLE (Groundball, 4, EV 94.4 MPH)
David Fernandez to third
Runner from 3rd tries for Home, SAFE, throw by CF to home
Batting: RHB Klaas Meij 0-0: Ball
1-0: Ball
2-0: Ball
3-0: Called Strike
3-1: Foul Ball, location: 2F
3-2: Strikes out swinging
Batting: LHB Chris Raymond 0-0: Ball
1-0: Called Strike
1-1: Grounds into double play, 5-4-3 (Groundball, 5, EV 89.4 MPH)
Bottom of the 5th over - 1 run, 2 hits, 0 errors, 0 left on base; Columbia 0 - Springfield 5
TOP OF THE 6TH
Columbia Fireflies batting - Pitching for Springfield Cardinals : RHP Josh Ambrose
Batting: RHB Billy Walker 0-0: Foul Ball, location: 2F
0-1: SINGLE (Groundball, 25, EV 66.2 MPH) (infield hit)
Batting: LHB Marc Durgin 0-0: Called Strike
Billy Walker is caught stealing 2nd base 2-6
0-1: Fly out, F7 (Flyball, 78M, EV 74.4 MPH)
Batting: RHB Jeff MacPhee 0-0: Ball
1-0: Ground out 6-3 (Groundball, 6, EV 93.1 MPH)
Top of the 6th over - 0 runs, 1 hit, 0 errors, 0 left on base; Columbia 0 - Springfield 5
BOTTOM OF THE 6TH
Springfield Cardinals batting - Pitching for Columbia Fireflies : RHP Bruce Charles
Pitching: RHP Battista Aldobrandini
Batting: LHB Yeong-hun Joe 0-0: Ground out 6-3 (Groundball, 6M, EV 82.5 MPH)
Batting: RHB Daniel Samano 0-0: Ball
1-0: Ball
2-0: Ground out 4-3 (Groundball, 4, EV 81.9 MPH)
Batting: RHB John Parra 0-0: Called Strike
0-1: Ball
1-1: Ball
2-1: Ball
3-1: Foul Ball, location: 2F
3-2: Fly out, F9 (Line Drive, 9, EV 110.0 MPH)
Bottom of the 6th over - 0 runs, 0 hits, 0 errors, 0 left on base; Columbia 0 - Springfield 5
TOP OF THE 7TH
Columbia Fireflies batting - Pitching for Springfield Cardinals : RHP Josh Ambrose
Batting: LHB Roy Blonski 0-0: Ball
1-0: Ball
2-0: Called Strike
2-1: DOUBLE (Groundball, 5L, EV 104.4 MPH)
Batting: RHB Bobby Mabrey 0-0: Ball
1-0: Swinging Strike
1-1: Ball
2-1: Swinging Strike
2-2: Strikes out swinging
Batting: LHB Pete DeHart 0-0: Ball
1-0: Called Strike
1-1: Ball
2-1: Foul Ball, location: 2F
2-2: Ball
3-2: Foul Ball, location: 2F
3-2: Ground out 6-3 (Groundball, 6M, EV 85.6 MPH)
Roy Blonski to third
Batting: RHB Yoshiro Higuchi 0-0: Ball
1-0: Called Strike
1-1: Ball
2-1: Swinging Strike
2-2: Foul Ball, location: 2F
2-2: Strikes out swinging
Top of the 7th over - 0 runs, 1 hit, 0 errors, 1 left on base; Columbia 0 - Springfield 5
BOTTOM OF THE 7TH
Springfield Cardinals batting - Pitching for Columbia Fireflies : RHP Battista Aldobrandini
Batting: RHB Dave Cluster 0-0: Called Strike
0-1: SINGLE (Line Drive, 8LS, EV 86.9 MPH)
Batting: RHB Jason Keller 0-0: Ball
1-0: Called Strike
1-1: Called Strike
Dave Cluster steals 2nd base
1-2: Foul Ball, location: 2F
1-2: Foul Ball, location: 2F
1-2: Foul Ball, location: 2F
1-2: Ball
2-2: SINGLE (Flyball, 5D, EV 91.2 MPH)
Dave Cluster to third
Batting: RHB David Fernandez 0-0: Called Strike
Jason Keller steals 2nd base (no throw)
0-1: Foul Ball, location: 2F
0-2: Ball
1-2: Ball
2-2: Ball
3-2: Strikes out looking
Pitching: RHP Jose Herrera
Batting: RHB Jorge Benites 0-0: Ground out 5-3 (Groundball, 56, EV 83.8 MPH)
Dave Cluster scores
Batting: RHB Klaas Meij 0-0: Ball
1-0: 2-RUN HOME RUN (Flyball, 89XD, EV 109.4 MPH), Distance : 420 ft
Batting: LHB Chris Raymond 0-0: Ball
1-0: Ball
2-0: Ground out 4-3 (Groundball, 4, EV 90.0 MPH)
Bottom of the 7th over - 3 runs, 3 hits, 0 errors, 0 left on base; Columbia 0 - Springfield 8
TOP OF THE 8TH
Columbia Fireflies batting - Pitching for Springfield Cardinals : RHP Josh Ambrose
Pitching: RHP Chad Norris
Batting: RHB Jonathan Jelich 0-0: Called Strike
0-1: Ball
1-1: Foul Ball, location: 2F
1-2: Reached on error, E4 (Groundball, 4, EV 88.8 MPH)
Batting: RHB Omar Gonzalez 0-0: Grounds into double play, 5-4-3 (Groundball, 5, EV 102.5 MPH)
Batting: RHB Billy Walker 0-0: Called Strike
0-1: Foul Ball, location: 2F
0-2: Ball
1-2: Strikes out swinging
Top of the 8th over - 0 runs, 0 hits, 1 error, 0 left on base; Columbia 0 - Springfield 8
BOTTOM OF THE 8TH
Springfield Cardinals batting - Pitching for Columbia Fireflies : RHP Jose Herrera
Batting: LHB Yeong-hun Joe 0-0: Ball
1-0: Ball
2-0: Ground out 4-3 (Groundball, 34, EV 88.8 MPH)
Batting: RHB Daniel Samano 0-0: SOLO HOME RUN (Flyball, 9D, EV 95.0 MPH), Distance : 372 ft
Batting: RHB John Parra 0-0: Foul Ball, location: 2F
0-1: Fly out, F9 (Flyball, 9LD, EV 87.5 MPH)
Batting: RHB Dave Cluster 0-0: Ball
1-0: Reached on error, E5 (Groundball, 5L, EV 85.0 MPH)
Batting: RHB Jason Keller 0-0: Ball
1-0: Called Strike
1-1: Ball
2-1: Fly out, F6 (Popup, 56, EV 72.5 MPH)
Bottom of the 8th over - 1 run, 1 hit, 1 error, 1 left on base; Columbia 0 - Springfield 9
TOP OF THE 9TH
Columbia Fireflies batting - Pitching for Springfield Cardinals : RHP Chad Norris
Pinch Hitting: LHB Chris Carter 0-0: Foul Ball, location: 2F
0-1: Fly out, F6 (Line Drive, 6, EV 65.0 MPH)
Batting: RHB Jeff MacPhee 0-0: Ball
1-0: Called Strike
1-1: SINGLE (Groundball, 4MD, EV 96.2 MPH)
Batting: LHB Roy Blonski 0-0: Called Strike
0-1: Ball
1-1: Foul Ball, location: 2F
1-2: Fielders Choice at 2nd, 4-6 (Groundball, 4, EV 86.9 MPH)
Batting: RHB Bobby Mabrey 0-0: Ball
1-0: Ball
2-0: Swinging Strike
2-1: Ball
3-1: Called Strike
3-2: Strikes out swinging
Top of the 9th over - 0 runs, 1 hit, 0 errors, 1 left on base; Columbia 0 - Springfield 9
Thursday, March 31st , 2022 - OOTP Baseball 22.12 Build 89